 Seeded DCSS version 0.31-a0-219-g8d62b2e7bb (webtiles) character file.

Game seed: 10737210411812156708 (custom seed)

47 innerfire43 the Trooper (level 3, 0/29 HPs)
             Began as a Demonspawn Monk on July 3, 2023.
             Slain by a worm (3 damage)
             ... on level 2 of the Dungeon.
             The game lasted 00:02:10 (2018 turns).

innerfire43 the Trooper (Demonspawn Monk)           Turns: 2018, Time: 00:02:11

Health: 0/29       AC:  3    Str: 13    XL:     3   Next: 48%
Magic:  3/3        EV: 13    Int: 11    God:
Gold:   39         SH:  0    Dex: 15    Spells: 2/2 levels left

rFire   . . .        m - +3 dagger (venom)
rCold   . . .        d - orb {light}
rNeg    . . .        j - +0 robe
rPois   .            (no helmet)
rElec   .            (no cloak)
rCorr   .            i - +0 pair of gloves
SInv    .            (no boots)
Will    .....        (no amulet)
Stlth   +            (no ring)
HPRegen 0.24/turn    (no ring)
MPRegen 0.08/turn

%: no passive effects
@: glowing
A: powered by pain 1
a: no special abilities


You were on level 2 of the Dungeon.
You visited 1 branch of the dungeon, and saw 2 of its levels.

You collected 39 gold pieces.

Inventory:

Hand Weapons
 a - a +0 short sword
 b - a +0 sling
 m - a +3 dagger of venom (weapon)
Armour
 d - an orb of light (worn)
 i - a +0 pair of gloves (worn)
 j - a +0 robe (worn)
Scrolls
 e - 3 scrolls of enchant armour {unknown}
 g - a scroll of vulnerability {unknown}
 h - a scroll of amnesia {unknown}
 k - a scroll of torment {unknown}
 l - a scroll of noise {unknown}
Potions
 f - a potion of mutation {unknown}


   Skills:
 + Level 3.5 Fighting
 + Level 3.2 Short Blades
 * Level 0.4 Ranged Weapons
 + Level 3.2 Dodging


You had 2 spell levels left.
You didn't know any spells.
Your spell library contained the following spells:

 Spells                   Type           Power      Damage    Failure   Level
 Freeze                   Ice            0%         1d3       34%         1
 Necrotise                Necr           0%         1d4       34%         1
 Frozen Ramparts          Ice            0%         1d1       71%         3
 Hailstorm                Conj/Ice       0%         3d3       71%         3
 Vampiric Draining        Necr           0%         2d6       71%         3
 Agony                    Necr           0%         N/A       100%        5


Dungeon Overview and Level Annotations

Branches:
Dungeon (2/15)

Altars:


Innate Abilities, Weirdness & Mutations

You sometimes gain a little power by taking damage.


Message History

You hit the endoplasm but do no damage.
The endoplasm is moderately wounded.
The rat closely misses you. The endoplasm freezes you.
You are frozen.
You hit the endoplasm but do no damage.
The endoplasm is lightly wounded.
The worm misses you. The rat barely misses you. The endoplasm freezes you.
You are frozen.
You feel less invigorated.
You feel less confused. The endoplasm freezes you.
You are frozen.
The rat barely misses you.
You hit the rat.
You kill the rat!
The endoplasm freezes you.
You are frozen.
The endoplasm closely misses you. The worm bites you.
You see here a rat corpse.
The endoplasm freezes you.
You are frozen.
The worm misses you. The endoplasm freezes you.
You are frozen.
* * * LOW HITPOINT WARNING * * *
You see here a rat corpse.
You hit the endoplasm but do no damage. The endoplasm freezes you.
You are frozen.
* * * LOW HITPOINT WARNING * * *
You hit the endoplasm.
The endoplasm is poisoned.
The endoplasm is heavily wounded.
The worm completely misses you.
You hit the endoplasm.
You kill the endoplasm!
You hit the worm.
The worm is moderately wounded.
The worm bites you.
You die...

....# .... ...## ...
...# ..# ...# .!## ####
#..## #... ... #..##
.... #.w## ....
#####@..# ..#
#......###..#
#.##....#...###
#.#............
#.....#..######
#.....#..........
#####.#.#.##############
#.#.#...............
#.#.##########.#####


You could see a worm.

Vanquished Creatures
  11 endoplasms
  2 giant cockroaches (D:1)
  6 goblins
  5 hobgoblins
  7 kobolds
  A quokka (D:1)
  4 bats
  A frilled lizard (D:1)
  3 rats
40 creatures vanquished.

Notes
Turn   | Place    | Note
-------+----------+-------------------------------------------
     0 | D:1      | innerfire43 the Demonspawn Monk began the quest for the
                  | Orb.
     0 | D:1      | Reached XP level 1. HP: 18/18 MP: 1/1
   229 | D:1      | Gained mutation: You sometimes gain a little power by
                  | taking damage. [demonic ancestry]
   229 | D:1      | Reached XP level 2. HP: 22/24 MP: 2/2
   839 | D:1      | Reached XP level 3. HP: 23/29 MP: 3/3
  2018 | D:2      | Slain by a worm

Illustrated notes

Levels and vault maps discovered:
D:1:      ncdulo_smallfort, layout_loops_corners, minivault_14,
          hangedman_abyss_or_decor_stabs, chequers_serial_rivers_marsh,
          chequers_big_river, chequers_hall_statues_wall_a
D:2:      layout_basic, nicolae_figureground_pulse

Skill      XL: |  1  2 |
---------------+-------+-----
Short Blades   | 3 |  3.2
Dodging        | 3 |  3.2
Fighting       | |  3.5
Ranged Weapons | |  0.4

Action                     || total
---------------------------++-------
  Melee: Short sword       ||   137
         Dagger            ||     9
    Use: Potion            ||     1
 Armour: Robe              ||    18
  Dodge: Dodged            ||    99

Table legend: (Time is in decaauts)
 A = Elapsed time spent in this place.
 B = Non-inter-level travel time spent in this place.
 C = Inter-level travel time spent in this place.
 D = Time resting spent in this place.
 E = Time spent auto-exploring this place.
 F = Levels seen in this place.
 G = Mean time per level.
                   A        B        C        D        E       F      G
               +--------+--------+--------+--------+--------+-----+--------+
         Total |   2017 |   1842 |    175 |      0 |   1515 |   2 | 1008.5 |
       Dungeon |   2017 |   1842 |    175 |      0 |   1515 |   2 | 1008.5 |
               +--------+--------+--------+--------+--------+-----+--------+

Top non-repeatable levels by time:
     D:1: 1444 daAuts
     D:2: 572 daAuts
